cohdb
Replays
Latest Replays
All Replays
Popular Replays
Top Player Replays
Match Explorer
How It Works
Community
CoH3 Stats
Reddit
Sign in to upload your games and track your stats! →
Sign in with Steam
Match 41548359
Unlisted
Match 41548359
Overview
Messages
Build Orders
End
Construct Section Command Post
Infantry Section
Selects Canadian Shock Battlegroup
Infantry Section
Dingo Light Scout Car
Infantry Section
Construct Platoon Command Post
Selects Burnout
Construct Field Infirmary
CMP 15cwt Truck
ML 3-inch Mortar Team
6-pounder Anti-tank Gun Team
Selects Offensive Resupply
Selects Canadian Shock Section
Unlock Bishop Self-propelled Artillery
Bishop Self-propelled Artillery
Grenade Package
Particycles
达拉姆第一开矿者卡尔大理石
SmashMG
JD89
Dave
BravoTwoZer0
0
0
Comments
sign in to comment!
No comments posted yet!